 Dungeon Crawl Stone Soup version 0.18.1-50-g88ac8fd (webtiles) character file.

57013 juanjsm the Covert (level 14, 0/72 HPs)
             Began as a Spriggan Enchanter on Nov 24, 2016.
             Was the Champion of Okawaru.
             Slain by an orc warrior
             ... wielding a +0 dire flail
             ... led by Saint Roka
              (25 damage)
             ... while paralysed by an orc sorcerer
             ... on level 2 of the Orcish Mines on Dec 1, 2016.
             The game lasted 02:12:10 (21025 turns).

juanjsm the Covert (Spriggan Enchanter)            Turns: 21025, Time: 02:12:11

Health: 0/72       AC:  3    Str:  9    XL:     14   Next: 44%
Magic:  27/32      EV:  4    Int: 17    God:    Okawaru [******]
Gold:   2137       SH:  0    Dex: 21    Spells: 5 memorised, 24 levels left

rFire  . . .     SeeInvis +     M - +3 quick blade
rCold  . . .     Gourm    .     S - +0 robe "Gakits" {rN++ Str+5}
rNeg   + + .     Faith    .     (shield restricted)
rPois  +         Spirit   .     (helmet restricted)
rElec  .         Dismiss  .     s - +0 cloak
rCorr  .         Reflect  .     (gloves unavailable)
SustAt +         Harm     .     (boots unavailable)
MR     ++...                    (no amulet)
Stlth  +++++++...               f - ring of sustain attributes
                                h - ring of poison resistance

@: paralysed, very slightly contaminated, drained, invisible, very quick, very
resistant to hostile enchantments, extremely stealthy
A: unfitting armour, see invisible, herbivore 3, speed 3, slow metabolism 2
a: Heroism, Finesse, Renounce Religion


You were on level 2 of the Orcish Mines.
You worshipped Okawaru.
Okawaru was exalted by your worship.
You were not hungry.

You visited 4 branches of the dungeon, and saw 20 of its levels.
You also visited: Labyrinth and Volcano.

You collected 2137 gold pieces.

Inventory:

Hand Weapons
 M - a +3 quick blade (weapon)
Armour
 s - a +0 cloak (worn)
 S - the +0 robe "Gakits" (worn) {rN++ Str+5}
   (Okawaru gifted it to you on level 8 of the Lair of Beasts)

   It affects your strength (+5).
   It greatly protects you from negative energy.
 X - a +0 buckler
Jewellery
 f - a ring of sustain attributes (right hand)
 h - a ring of poison resistance (left hand)
Wands
 b - a wand of teleportation (3/9)
Scrolls
 e - 4 scrolls of identify
 g - 7 scrolls of teleportation
 l - 13 scrolls of remove curse
Potions
 n - 4 potions of lignification
 q - 5 potions of heal wounds
 t - 4 potions of agility
 v - a potion of magic
 z - 2 potions of curing
 E - 5 potions of might
 G - 3 potions of haste
 I - a potion of resistance
 Z - 2 potions of flight
Miscellaneous
 c - a sack of spiders
 x - a plain deck of war {the Helm}
 N - a disc of storms
Comestibles
 d - 12 bread rations
 O - 9 fruits


   Skills:
 + Level 7.9(7.8) Fighting
 - Level 10.3(10.1) Short Blades
 + Level 13.5(13.4) Dodging
 + Level 14.5(14.3) Stealth
 + Level 4.8(4.7) Shields
 * Level 13.4(13.3) Spellcasting
 + Level 11.5(11.4) Hexes
 - Level 5.3(5.2) Invocations
 - Level 7.1(7.0) Evocations


You had 24 spell levels left.
You knew the following spells:

 Your Spells              Type           Power        Failure   Level  Hunger
a - Corona                Hex            ######.      1%          1    None
b - Ensorcelled Hibernat  Hex/Ice        ####..       1%          2    None
c - Confuse               Hex            ######..     1%          3    None
d - Dazzling Spray        Conj/Hex       ####..       1%          3    None
e - Invisibility          Hex            ######..     12%         6    ######.


Dungeon Overview and Level Annotations

Branches:
Dungeon (9/15)             Temple (1/1) D:5            Lair (8/8) D:9
 Shoals (0/4) Lair:4        Snake (0/4) Lair:5        Slime (0/6) Lair:7
    Orc (2/2) D:9             Elf (0/3) Orc:2

Altars:
Ashenzari
Cheibriados
Dithmenos
Elyvilon
Fedhas
Gozag
Kikubaaqudgha
Makhleb
Nemelex Xobeh
Okawaru
Pakellas
Qazlal
Ru
Sif Muna
Trog
Vehumet
Xom
Yredelemnul
Zin
The Shining One
Jiyva

Annotations:
Orc:2 Saint Roka


Innate Abilities, Weirdness & Mutations

You are tiny and cannot use many weapons and most armour.
You have supernaturally acute eyesight.
You are a herbivore.
You cover ground extremely quickly.
You need consume almost no food.


Message History

The orc hits you but does no damage. The orc wizard hits you with a dagger.
The orc hits you but does no damage. The orc hits you but does no damage.
The orc wizard hits you but does no damage.
The orc warrior barely misses you.
The orc hits you with a short sword of flaming.
The orc burns you. The orc sorcerer casts a spell at you.
The bolt of negative energy hits the orc.
The orc is drained!
The orc dies!
The bolt of negative energy hits you! You partially resist.
You feel drained.
Saint Roka says, "Down here, you're an orc or you're nobody."
The orc wizard hits you but does no damage.
The orc hits you with a short sword of flaming.
The orc burns you.
The warg stops to sniff the ground.
The warg barely misses you. The orc wizard hits you with a dagger.
The orc warrior hits you with a dire flail!!
You die...

...... #.....
......#### .....o.#.#
## ...>Too..##.#
...ooOo....####
....ooooo.##..##
.....oh@...#...#
..o....)$......##
...###..........###
.... ##...........#
.... ##...........
....#########......$.#
#.....#.#...........#
#.......#..........##
##
#...............####


You could see Saint Roka, a troll, a warg, an orc sorcerer, 4 orc warriors, an
ogre, 3 orc wizards and 4 orcs.

Vanquished Creatures
  Rupert (Lair:7)
  Maud (Lair:4)
  The ghost of Gartch4 the Brawler, a journeyman TrAM of Okawaru (Lair:8)
  A minotaur (Lab)
  Josephine (Lair:4)
  A fire dragon (Lair:8)
  5 hydras
  Erica (D:8)
  A queen ant (Lair:2)
  An orc high priest (Orc:2)
  Nergalle (Lair:3)
  An unseen horror (D:9)
  A hornet (Lair:8)
  A wolf spider (Lair:8)
  A deep elf mage (D:8)
  2 griffons (Lair:7)
  2 toenail golems (Volcano)
  12 black mambas
  A guardian serpent (Lair:8)
  3 torpor snails
  The ghost of ololoev the Magician, a novice DEEE (D:5)
  18 spiny frogs
  Joseph (D:7)
  11 komodo dragons
  5 rime drakes
  A troll (D:9)
  A polar bear (Lair:8)
  5 blink frogs (Lair:2)
  A spriggan (D:8)
  5 wraiths (Lair:4)
  2 redbacks (Lair:8)
  8 wyverns
  30 yaks
  5 humans (Volcano)
  5 basilisks
  2 mottled dragons (Lair:8)
  5 hippogriffs
  6 hungry ghosts
  4 steam dragons
  Menkaure (D:7)
  A naga (Lair:5)
  2 wargs (D:9)
  20 soldier ants (Lair:2)
  20 water moccasins
  16 porcupines
  8 orc warriors
  2 sky beasts
  3 wasps (Lair:8)
  3 black bears
  7 ogres
  5 wolves
  11 centaurs
  10 crocodiles
  12 giant frogs
  4 scorpions
  4 killer bees (D:9)
  5 wights
  2 howler monkeys
  4 electric eels
  3 crimson imps
  2 quasits
  2 giant frog skeletons
  4 hounds
  A gnoll shaman (D:5)
  8 orc priests
  2 jellies
  A centaur skeleton (D:9)
  25 worker ants
  21 iguanas
  5 orc wizards
  8 sheep (Lair:4)
  2 worker ant zombies
  3 gnolls (D:5)
  19 adders
  51 river rats
  2 shadow imps
  3 oozes
  2 adder skeletons
  4 worms
  8 dart slugs
  5 giant geckos
  36 orcs
  9 giant cockroaches
  8 goblins
  8 hobgoblins
  12 jackals
  5 kobolds
  A quokka (D:9)
  2 ball pythons
  4 bats
  A giant gecko skeleton (D:5)
  5 giant newts
  A quokka skeleton (D:4)
  14 rats
582 creatures vanquished.

Vanquished Creatures (others)
  A dart slug (D:6)
  2 orcs (Orc:2)
  10 fungi
  14 plants
27 creatures vanquished.

Grand Total: 609 creatures vanquished

Notes
Turn   | Place    | Note
--------------------------------------------------------------
     0 | D:1      | juanjsm the Spriggan Enchanter began the quest for the Orb.
     0 | D:1      | Reached XP level 1. HP: 9/9 MP: 5/5
   480 | D:1      | Reached XP level 2. HP: 9/14 MP: 6/6
   484 | D:1      | Learned a level 2 spell: Ensorcelled Hibernation
  1129 | D:1      | Reached XP level 3. HP: 17/17 MP: 3/8
  1134 | D:1      | Learned a level 3 spell: Confuse
  1355 | D:2      | Reached skill level 1 in Fighting
  1642 | D:2      | Found a shattered altar of Ashenzari.
  1766 | D:2      | Reached XP level 4. HP: 16/22 MP: 0/10
  1771 | D:2      | Learned a level 3 spell: Dazzling Spray
  1825 | D:2      | You fall through a shaft!
  2726 | D:3      | Reached skill level 5 in Stealth
  3079 | D:3      | Reached XP level 5. HP: 25/25 MP: 3/11
  3086 | D:3      | HP: 1/25 [orc priest/nerve-wracking pain (8)]
  4227 | D:5      | Entered Level 5 of the Dungeon
  4234 | D:5      | Reached XP level 6. HP: 30/30 MP: 13/13
  4262 | D:5      | Found a burning altar of Makhleb.
  4285 | D:5      | Reached skill level 6 in Stealth
  4325 | D:5      | Noticed ololoev's ghost (novice DEEE)
  4392 | D:4      | Reached skill level 5 in Hexes
  4497 | D:5      | Reached skill level 5 in Dodging
  4669 | D:5      | Reached XP level 7. HP: 26/35 MP: 4/15
  4760 | D:5      | Found a staircase to the Ecumenical Temple.
  4768 | Temple   | Entered the Ecumenical Temple
  4897 | Temple   | Became a worshipper of Warmaster Okawaru
  5024 | D:5      | Reached skill level 5 in Spellcasting
  5545 | D:5      | Killed ololoev's ghost
  5545 | D:5      | Reached * piety under Okawaru
  5545 | D:5      | Reached skill level 7 in Stealth
  5545 | D:5      | Reached XP level 8. HP: 39/39 MP: 1/17
  6405 | D:6      | Found an opulent altar of Gozag.
  6609 | D:6      | Reached ** piety under Okawaru
  6609 | D:6      | Reached skill level 8 in Stealth
  6645 | D:6      | Reached skill level 5 in Short Blades
  6874 | D:6      | You fall through a shaft for 2 floors!
  6874 | D:8      | Found a sacrificial altar of Ru.
  6985 | D:7      | Reached XP level 9. HP: 43/45 MP: 9/19
  7121 | D:7      | Found an iron altar of Okawaru.
  7155 | D:7      | Noticed Joseph
  7160 | D:7      | Killed Joseph
  7336 | D:7      | Noticed Menkaure
  7346 | D:7      | Killed Menkaure
  7346 | D:7      | Reached *** piety under Okawaru
  7588 | D:8      | Reached skill level 9 in Stealth
  8107 | D:8      | Found a radiant altar of Vehumet.
  8136 | D:8      | Noticed a deep elf mage
  8143 | D:8      | Killed a deep elf mage
  8143 | D:8      | Reached **** piety under Okawaru
  8313 | D:8      | Noticed Erica
  8316 | D:8      | Killed Erica
  8316 | D:8      | Reached skill level 5 in Fighting
  8316 | D:8      | Reached skill level 10 in Stealth
  8316 | D:8      | Reached XP level 10. HP: 51/51 MP: 22/22
  8382 | D:9      | Reached ***** piety under Okawaru
  8403 | D:9      | Found a staircase to the Orcish Mines.
  8575 | D:9      | Noticed a four-headed hydra
  8652 | D:9      | Noticed an unseen horror
  8655 | D:9      | Killed an unseen horror
  8770 | D:9      | Killed a four-headed hydra
  8770 | D:9      | Received a gift from Okawaru
  8770 | D:9      | Reached skill level 11 in Stealth
  8962 | D:9      | Reached skill level 10 in Dodging
  9064 | D:9      | Found a staircase to the Lair.
  9121 | D:9      | Reached XP level 11. HP: 56/56 MP: 6/24
  9140 | Lair:1   | Entered Level 1 of the Lair of Beasts
  9252 | Lair:1   | Found a labyrinth entrance.
  9271 | Lab      | Entered a labyrinth
  9697 | Lab      | Found an exit through the horrors of the Abyss.
 10155 | Lab      | Noticed a minotaur
 10165 | Lab      | Killed a minotaur
 10173 | Lab      | Got an ancient jade ring
 10303 | Lair:1   | Identified the ring of Kiwneg {Str+4 Stlth+} (You found it in a labyrinth)
 10475 | Lair:1   | Reached skill level 12 in Stealth
 10482 | Lair:1   | Received a gift from Okawaru
 10634 | Lair:1   | Noticed a five-headed hydra
 10637 | Lair:1   | Killed a five-headed hydra
 10637 | Lair:1   | Reached skill level 1 in Shields
 10829 | Lair:1   | Noticed an eight-headed hydra
 10837 | Lair:1   | Killed an eight-headed hydra
 10837 | Lair:1   | Reached skill level 1 in Evocations
 11220 | Lair:2   | Reached skill level 10 in Spellcasting
 11369 | Lair:2   | Reached skill level 1 in Invocations
 11527 | Lair:2   | Reached skill level 10 in Hexes
 11572 | Lair:2   | Reached XP level 12. HP: 40/62 MP: 8/27
 11805 | Lair:2   | Noticed a queen ant
 12232 | Lair:2   | Killed a queen ant
 12232 | Lair:2   | Reached ****** piety under Okawaru
 12288 | Lair:2   | Received a gift from Okawaru
 12911 | Lair:3   | Noticed Nergalle
 12920 | Lair:3   | Killed Nergalle
 12920 | Lair:3   | Reached skill level 13 in Stealth
 12929 | Lair:3   | Noticed a seven-headed hydra
 12935 | Lair:3   | Killed a seven-headed hydra
 13115 | Lair:3   | Received a gift from Okawaru
 13116 | Lair:3   | Got a pitted shadow dragon armour {god gift}
 13127 | Lair:3   | Identified the +10 shadow dragon armour of Ging {*Confuse rPois rCorr Dex+4 Stlth++++} (Okawaru gifted it to you on level 3 of the Lair of Beasts)
 13590 | Lair:4   | Noticed Maud
 13720 | Lair:4   | Killed Maud
 13749 | Lair:4   | Reached skill level 5 in Evocations
 13865 | Lair:4   | Reached XP level 13. HP: 66/67 MP: 21/29
 13897 | Lair:4   | Found a staircase to the Shoals.
 13946 | Lair:4   | Noticed Josephine
 14186 | Lair:4   | Killed Josephine
 14633 | Lair:5   | Found a staircase to the Snake Pit.
 15317 | Lair:6   | Found a dark tunnel.
 15327 | Volcano  | Entered a volcano
 16163 | Lair:7   | Noticed Rupert
 16390 | Lair:7   | Killed Rupert
 16676 | Lair:7   | Found a viscous altar of Jiyva.
 16676 | Lair:7   | Found a staircase to the Slime Pits.
 16797 | Lair:7   | Reached skill level 10 in Short Blades
 17475 | Lair:8   | Entered Level 8 of the Lair of Beasts
 17490 | Lair:8   | Reached skill level 14 in Stealth
 17539 | Lair:8   | Noticed Gartch4's ghost (journeyman TrAM)
 17679 | Lair:8   | Got a heavily jewelled robe
 17690 | Lair:8   | Identified the cursed +1 robe of the Souls {rCorr Int-2 Dex+8 Slay-4} (You found it on level 8 of the Lair of Beasts)
 17750 | Lair:8   | Received a gift from Okawaru
 17829 | Lair:8   | Learned a level 6 spell: Invisibility
 17905 | Lair:8   | Reached skill level 5 in Invocations
 18146 | Lair:8   | Reached XP level 14. HP: 72/72 MP: 26/31
 19095 | Lair:8   | Found a bloodstained altar of Trog.
 19147 | Lair:8   | Killed Gartch4's ghost
 19147 | Lair:8   | Received a gift from Okawaru
 19148 | Lair:8   | Got a brightly glowing robe {god gift}
 19159 | Lair:8   | Identified the +0 robe "Gakits" {rN++ Str+5} (Okawaru gifted it to you on level 8 of the Lair of Beasts)
 20352 | Orc:1    | Entered Level 1 of the Orcish Mines
 20442 | Orc:2    | Entered Level 2 of the Orcish Mines
 20609 | Orc:2    | Noticed Saint Roka
 21004 | Orc:2    | Found a staircase to the Elven Halls.
 21020 | Orc:2    | Paralysed by an orc sorcerer for 5 turns
 21025 | Orc:2    | Slain by an orc warrior

Skill      XL: |  1  2  3  4  5  6  7  8  9 10 11 12 13 14 |
---------------+-------------------------------------------+-----
Spellcasting   | 3 4 5 6 7 8 10 11 12 13 | 13.4
Fighting       | 1 2 3 5 6 7 |  7.9
Short Blades   | 2 3 4 5 6 7 8 9 10 | 10.3
Hexes          | 4 5 6 8 9 10 11 | 11.5
Stealth        | 5 6 7 8 10 11 12 13 14 | 14.5
Dodging        | 4 5 6 7 9 10 11 12 13 | 13.5
Shields        | 1 3 4 |  4.8
Evocations     | 2 5 7 |  7.1
Invocations    | 1 3 5 |  5.3

Action                   |  1- 3 |  4- 6 |  7- 9 | 10-12 | 13-15 || total
-------------------------+-------+-------+-------+-------+-------++-------
Melee: Dagger            |   115 |   160 |   133 |    31 |       ||   439
       Quick blade       |       |       |       |   450 |   465 ||   915
 Cast: Corona            |     7 |       |       |       |       ||     7
       Ensorcelled Hiber |    20 |    51 |    56 |   170 |   193 ||   490
       Confuse           |     2 |     5 |    31 |    29 |    59 ||   126
       Dazzling Spray    |       |     2 |     4 |    11 |    12 ||    29
       Invisibility      |       |       |       |       |     2 ||     2
  Use: Scroll            |       |       |     3 |     7 |     8 ||    18
       Potion            |       |       |     2 |     2 |     4 ||     8
 Stab: Sleeping          |    20 |    46 |    50 |   165 |   163 ||   444
       Distracted        |       |     2 |       |     5 |     6 ||    13
       Confused          |       |     2 |    16 |    25 |    31 ||    74
       Invisible         |       |       |     3 |    13 |    20 ||    36
  Eat: Bread ration      |       |     1 |     1 |       |       ||     2
       Pizza             |       |     1 |       |     2 |     2 ||     5
       Fruit             |       |       |       |       |     4 ||     4
Armor: Robe              |    16 |    18 |    13 |     3 |     3 ||    53
Dodge: Dodged            |    80 |   117 |    83 |   203 |   276 ||   759
